 Dungeon Crawl Stone Soup version 0.31-a0-625-gc9c7e45f3f (webtiles) character file.

Game seed: 827651993605551227

233 AdnanSaban the Shield-Bearer (level 6, 0/38 HPs)
             Began as a Gargoyle Fighter on Aug 24, 2023.
             Slain by an ice beast (12 damage)
             ... on level 4 of the Dungeon.
             The game lasted 00:02:34 (2567 turns).

AdnanSaban the Shield-Bearer (Gargoyle Fighter)     Turns: 2567, Time: 00:02:35

Health: 0/38       AC: 16    Str: 22    XL:     6   Next: 5%
Magic:  6/6        EV:  7    Int:  8    God:
Gold:   114        SH: 13    Dex:  9    Spells: 5/5 levels left

rFire   . . .        a - +0 flail
rCold   . . .        r - +0 kite shield
rNeg    + . .        q - +0 chain mail
rPois   ∞            v - +0 helmet
rElec   +            (no cloak)
rCorr   .            n - +0 pair of gloves
SInv    .            (no boots)
Will    .....        k - amulet of reflection Stlth
                     (no ring)
HPRegen 0.26/turn    (no ring)
MPRegen 0.10/turn

%: reflection
@: no status effects
A: sickness immunity, AC +4, negative energy resistance 1, electricity
resistance, torment resistance 1, petrification resistance
a: no special abilities


You were on level 4 of the Dungeon.
You visited 1 branch of the dungeon, and saw 4 of its levels.

You collected 114 gold pieces.

Inventory:

Hand Weapons
 a - a +0 flail (weapon)
Missiles
 b - a poisoned dart (quivered)
 t - 3 boomerangs
 x - 8 javelins
Armour
 n - a +0 pair of gloves (worn)
 q - a +0 chain mail (worn)
 r - a +0 kite shield (worn)
 v - a +0 helmet (worn)
Jewellery
 k - an amulet of reflection (around neck)
Scrolls
 c - a scroll of noise {unknown}
 h - 2 scrolls of amnesia {unknown}
 i - 2 scrolls of torment {unknown}
 m - 3 scrolls of identify {unknown}
 o - 3 scrolls of fear {unknown}
 s - a scroll of teleportation {unknown}
 u - a scroll of immolation {unknown}
 y - a scroll of enchant weapon {unknown}
Potions
 d - 3 potions of might
 e - 2 potions of heal wounds {unknown}
 f - 3 potions of haste {unknown}
 g - a potion of ambrosia {unknown}
 j - a potion of resistance {unknown}
 l - 2 potions of curing {unknown}
 p - 3 potions of mutation {unknown}
 w - a potion of brilliance {unknown}


   Skills:
 + Level 4.1 Fighting
 + Level 4.2 Maces & Flails
 + Level 4.1 Armour
 + Level 4.6 Shields


You had 5 spell levels left.
You didn't know any spells.
Your spell library contained the following spells:

 Spells                   Type           Power      Damage    Failure   Level
 Apportation              Tloc           0%         N/A       99%         1
 Ensorcelled Hibernation  Hex/Ice        0%         N/A       100%        2
 Passwall                 Tmut/Erth      0%         N/A       100%        2
 Gell's Gravitas          Tloc           0%         N/A       100%        3
 Swiftness                Air            0%         N/A       100%        3
 Teleport Other           Tloc           0%         N/A       100%        3
 Alistair's Intoxication  Tmut/Pois      0%         N/A       100%        5
 Dispersal                Tloc           0%         N/A       100%        6


Dungeon Overview and Level Annotations

Branches:
Dungeon (4/15)
 Temple: D:4-7

Altars:
Hepliaklqana
Uskayaw


Innate Abilities, Weirdness & Mutations

You are immune to sickness and miasma.
Your stone body is resilient. (AC +4)
You are immune to poison.
You resist negative energy. (rN+)
You are resistant to electric shocks. (rElec)
You are resistant to unholy torment.
You are immune to petrification.


Message History

The ice beast barely misses you.
You barely miss the ice beast.
The ice beast is lightly wounded.
The ice beast hits you. The ice beast freezes you!
The ice beast hits you but does no damage.
You barely miss the ice beast.
The ice beast is lightly wounded.
You block the ice beast's attack.
You closely miss the ice beast.
The ice beast is lightly wounded.
The ice beast hits you but does no damage.
You hit the ice beast.
The ice beast is lightly wounded.
You block the ice beast's attack.
You barely miss the ice beast.
The ice beast is lightly wounded.
The ice beast hits you. The ice beast freezes you.
The ice beast hits you but does no damage.
You closely miss the ice beast.
The ice beast is lightly wounded.
The ice beast hits you but does no damage.
You barely miss the ice beast.
The ice beast is lightly wounded.
The ice beast hits you. The ice beast freezes you.
You hit the ice beast.
The ice beast is moderately wounded.
The ice beast completely misses you. The ice beast barely misses you.
You closely miss the ice beast.
The ice beast is moderately wounded.
You block the ice beast's attack.
You hit the ice beast.
The ice beast is heavily wounded.
The ice beast hits you but does no damage.
You hit the ice beast.
The ice beast is severely wounded.
The ice beast hits you but does no damage. x2
You sock the ice beast!
The ice beast is almost dead.
The ice beast hits you. The ice beast freezes you!
You die...

#...# #.....###
#...######........
#.............o###
#).†.####......#
#....####.##.#o###
#...Y...#.##..o...
####.##.#.####.###
#######(##.#.####.#
#...@Y(÷........o.#
#######.#####.##.########
#....................#
#.#####.##)#.....###.#
#.# #.##....#### #.#
#.......# ####.# #.#
#####.### #....# #.####
#...o.# #....# #.)<.#
#..[<.# #...#


You could see an ice beast.

Vanquished Creatures
  A howler monkey (D:4)
  An orc priest (D:4)
  A sleepcap (D:4)
  2 orc wizards
  3 adders
  A worm (D:3)
  2 dart slugs
  4 orcs (D:3)
  4 ball pythons
  5 endoplasms
  4 giant cockroaches
  5 hobgoblins
  3 jackals (D:3)
  A quokka (D:3)
  5 bats
  6 frilled lizards
  3 goblins
  2 kobolds (D:1)
  4 rats (D:1)
57 creatures vanquished.

Notes
Turn   | Place    | Note
-------+----------+-------------------------------------------
     0 | D:1      | AdnanSaban the Gargoyle Fighter began the quest for the
                  | Orb.
     0 | D:1      | Reached XP level 1. HP: 14/14 MP: 1/1
    93 | D:1      | Reached XP level 2. HP: 19/19 MP: 2/2
   188 | D:1      | Found a faded altar of an unknown god.
   655 | D:2      | Reached XP level 3. HP: 23/23 MP: 3/3
  1104 | D:3      | Found a faded altar of an unknown god.
  1105 | D:3      | Found a hazy altar of Hepliaklqana.
  1430 | D:3      | Reached XP level 4. HP: 29/29 MP: 4/4
  2187 | D:4      | Reached XP level 5. HP: 29/33 MP: 5/5
  2220 | D:4      | Noticed an orc warrior
  2505 | D:4      | Found a hide-covered altar of Uskayaw.
  2513 | D:4      | Noticed an ice beast
  2547 | D:4      | Reached XP level 6. HP: 38/38 MP: 6/6
  2567 | D:4      | Slain by an ice beast

Illustrated notes

Levels and vault maps discovered:
D:1:      heliophobic_arrival_dark_side_of_the_moon, layout_rooms,
          shapermc_ecumenical_altar_ellora
D:2:      layout_loops_ring
D:3:      layout_basic, beargit_hepliaklqana_dungeon_heroes
D:4:      layout_loops_cross, mainiacjoe_overflow_tiny_flanked

Skill      XL: |  1  2  3  4  5 |
---------------+----------------+-----
Maces & Flails | 3 4 |  4.2
Shields        | 4 |  4.6
Fighting       | 4 |  4.1
Armour         | 4 |  4.1

Action                     |  1- 3 |  4- 6 || total
---------------------------+-------+-------++-------
  Melee: Flail             |   116 |    80 ||   196
  Throw: Dart              |       |     2 ||     2
 Armour: Scale mail        |    43 |       ||    43
         Chain mail        |    14 |    32 ||    46
  Dodge: Dodged            |    50 |    10 ||    60
  Block: Buckler           |    37 |       ||    37
         Kite shield       |    23 |    43 ||    66
         Reflection        |       |     3 ||     3

Table legend: (Time is in decaauts)
 A = Elapsed time spent in this place.
 B = Non-inter-level travel time spent in this place.
 C = Inter-level travel time spent in this place.
 D = Time resting spent in this place.
 E = Time spent auto-exploring this place.
 F = Levels seen in this place.
 G = Mean time per level.
                   A        B        C        D        E       F      G
               +--------+--------+--------+--------+--------+-----+--------+
         Total |   2632 |   2440 |    192 |    119 |   1762 |   4 |  658.0 |
       Dungeon |   2632 |   2440 |    192 |    119 |   1762 |   4 |  658.0 |
               +--------+--------+--------+--------+--------+-----+--------+

Top non-repeatable levels by time:
     D:3: 1217 daAuts
     D:2: 610 daAuts
     D:1: 479 daAuts
     D:4: 325 daAuts
